 Dungeon Crawl Stone Soup version 0.27.1 (webtiles) character file.

Game seed: 17266074604701320108

3649 ZARRMARR the Thaumaturge (level 10, -2/53 HPs)
             Began as a Gargoyle Earth Elementalist on Aug 23, 2021.
             Was a Follower of Vehumet.
             Slain by an unseen horror (9 damage)
             ... on level 7 of the Dungeon.
             The game lasted 00:53:12 (8994 turns).

ZARRMARR the Thaumaturge (GrEE)                     Turns: 8994, Time: 00:53:12

Health: -2/53      AC: 17    Str: 12    XL:     10   Next: 12%
Magic:  37/37      EV: 11    Int: 25    God:    Vehumet [*.....]
Gold:   229        SH:  2    Dex:  8    Spells: 33/38 levels left

rFire    . . .     SeeInvis .   d - +2 dagger (speed)
rCold    . . .     Faith    .   w - +0 buckler
rNeg     + . .     Spirit   .   F - +2 robe
rPois    ∞         Reflect  .   A - +0 helmet
rElec    +         Harm     .   (no cloak)
rCorr    .         Rampage  .   b - +4 pair of gloves of Fatemi {MP+9}
Will     +....                  (no boots)
Stlth    ++........             (no amulet)
HPRegen  0.17/turn              a - +6 ring of intelligence
MPRegen  0.25/turn              i - ring of willpower

@: hasted, very quick
A: sickness immunity, AC +7, negative energy resistance 1, electricity
resistance, torment resistance 1, petrification resistance, clumsy 1
a: Renounce Religion


You were on level 7 of the Dungeon.
You worshipped Vehumet.
Vehumet was aware of your devotion.
You visited 1 branch of the dungeon, and saw 7 of its levels.
You also visited: Sewer.

You collected 229 gold pieces.

Inventory:

Hand Weapons
 d - a +2 dagger of speed (weapon)
 E - a +2 long sword of holy wrath
Missiles
 k - 3 curare-tipped darts
 r - 107 stones
 s - 12 boomerangs (quivered)
 t - a javelin
 x - a throwing net
 y - 2 poisoned darts
Armour
 b - the +4 pair of gloves of Fatemi (worn) {MP+9}
   (You found it on level 6 of the Dungeon)

   MP:        It affects your magic capacity (+9).
 w - a +0 buckler (worn)
 A - a +0 helmet (worn)
 F - a +2 robe (worn)
Jewellery
 a - a +6 ring of intelligence (left hand)
 i - a ring of willpower (right hand)
Wands
 e - a wand of flame (41)
 m - a wand of polymorph (8)
 C - a wand of charming (19)
Scrolls
 f - a scroll of brand weapon
 l - 2 scrolls of enchant weapon
 n - a scroll of fear {unknown}
 q - a scroll of teleportation {unknown}
 u - a scroll of amnesia
 v - 2 scrolls of magic mapping {unknown}
Potions
 c - a potion of cancellation
 g - a potion of haste
 h - 2 potions of brilliance {unknown}
 j - 2 potions of mutation
 p - 2 potions of invisibility
 z - a potion of might {unknown}
 B - a potion of degeneration {unknown}
 D - a potion of flight


   Skills:
 + Level 2.1 Fighting
 + Level 3.3 Short Blades
 + Level 2.8 Dodging
 + Level 4.0 Stealth
 + Level 0.2 Shields
 + Level 14.5 Spellcasting
 + Level 1.9 Conjurations
 - Level 0.7 Transmutations
 * Level 1.4 Ice Magic
 - Level 4.4 Earth Magic


You had 33 spell levels left.
You knew the following spells:

 Your Spells              Type           Power      Damage    Failure   Level
a - Sandblast             Erth           80%        2d17      1%          1
b - Stone Arrow           Conj/Erth      68%        3d11      4%          3
c - Freeze                Ice            100%       1d11      2%          1

Your spell library contained the following spells:

 Spells                   Type           Power      Damage    Failure   Level
 Passwall                 Tmut/Erth      25%        N/A       2%          2
 Ensorcelled Hibernation  Hex/Ice        42%        N/A       5%          2
 Dazzling Flash           Conj/Hex       46%        N/A       10%         3
 Spider Form              Tmut/Pois      9%         N/A       13%         3
 Gell's Gravitas          Tloc           9%         N/A       16%         3
 Lesser Beckoning         Tloc           9%         N/A       16%         3
 Teleport Other           Tloc           18%        N/A       16%         3
 Petrify                  Tmut/Erth      31%        N/A       17%         4
 Olgreb's Toxic Radiance  Pois           18%        N/A       45%         4
 Agony                    Necr           18%        N/A       80%         5
 Silence                  Hex/Air        9%         N/A       80%         5
 Shadow Creatures         Summ           N/A        N/A       100%        6
 Ozocubu's Refrigeration  Ice            12%        4d7       100%        7
 Ignition                 Fire           9%         3d5       100%        8


Dungeon Overview and Level Annotations

Branches:
Dungeon (7/15)             Temple (0/1) D:7           Sewer (visited)

Altars:
Ashenzari
Dithmenos
Hepliaklqana
Vehumet

Shops:
D:4 (   D:6 (

Annotations:
D:6 exclusion: oklob plant


Innate Abilities, Weirdness & Mutations

You are immune to sickness and miasma.
Your stone body is resilient. (AC +7)
You are immune to poison.
You resist negative energy. (rN+)
You are resistant to electric shocks. (rElec)
You are resistant to unholy torment.
You are immune to petrification.
You are clumsy. (Dex -2)


Message History

Press: ? - help, Q - select action, (/) - cycle Shift-Dir - straight line, f - you Really target yourself?
Okay, then.
Unknown command.
Something hits you but does no damage.
Deactivating autopickup; reactivate with Ctrl-A.
Something hits you but does no damage.
You hit something. Something hits you!
You miss something. Something hits you but does no damage.
Something hits you but does no damage.
You closely miss something. Something hits you!
You miss something. Something hits you! Something hits you.
Something hits you but does no damage.
You closely miss something. Something hits you but does no damage.
Something hits you but does no damage. You block something's attack.
You barely miss something. Something hits you. x2
* * * LOW HITPOINT WARNING * * *
It was a potion of mutation.
You feel extremely strange.
You feel yourself wasting away.
You feel healthier.
You feel clumsy.
Something hits you but does no damage. x2
Unknown command.
Okay, then.
Unknown command.
It was a potion of cancellation.
You feel magically purged. Something hits you but does no damage.
Okay, then.
It was a potion of haste.
You feel yourself speed up. Something hits you but does no damage.
Something hits you but does no damage. Something hits you.
* * * LOW HITPOINT WARNING * * *
Something hits you.
* * * LOW HITPOINT WARNING * * *
Something hits you but does no damage. Something hits you but does no damage.
Something hits you.
* * * LOW HITPOINT WARNING * * *
Something hits you!
You die...

.. #......##...§.#§......
... ......................#
#.####..#................#
##.............#..........#
......##...................
..........>###.#...........
...........#..§............
.......#...#.#+#.[.##§.....
.......#...#....@>..#Y.....
.......#............#......
.......##...........#Y.....
.......######........#
........ ..........#
......### ##.#.#####.#
####### #.#.# .# #...# #
#####


There were no monsters in sight!

Vanquished Creatures
  Sigmund (D:3)
  Eustachio (D:4)
  A steam dragon (D:7)
  2 sky beasts
  An orc warrior (D:7)
  A necrophage (D:6)
  2 ogres
  A centaur (D:6)
  A phantom (D:5)
  Blork the orc (D:6)
  2 scorpions
  3 bullfrogs
  A water moccasin skeleton (D:5)
  3 electric eels (D:3)
  2 hounds (D:5)
  2 jellies (D:6)
  A bullfrog skeleton (D:6)
  5 orc priests
  Terence (D:3)
  2 iguanas
  2 orc wizards (D:6)
  A hound skeleton (D:5)
  A howler monkey zombie (D:7)
  5 river rats (Sewer)
  8 adders
  2 adder skeletons
  3 worms (D:3)
  2 dart slugs
  19 orcs
  17 ball pythons
  6 bats
  21 endoplasms
  13 giant cockroaches
  4 hobgoblins
  3 jackals
  5 quokkas
  3 training dummies (D:4)
  4 frilled lizards
  5 goblins
  6 kobolds
  27 rats
191 creatures vanquished.

Vanquished Creatures (others)
  9 fungi (D:6)
9 creatures vanquished.

Grand Total: 200 creatures vanquished

Notes
Turn   | Place    | Note
-------+----------+-------------------------------------------
     0 | D:1      | ZARRMARR the Gargoyle Earth Elementalist began the quest
                  | for the Orb.
     0 | D:1      | Reached XP level 1. HP: 10/10 MP: 3/3
   309 | D:1      | Reached XP level 2. HP: 15/15 MP: 5/5
   930 | D:2      | Reached XP level 3. HP: 19/19 MP: 2/6
  1257 | D:2      | Found a faded altar of an unknown god.
  1437 | D:2      | Reached XP level 4. HP: 24/24 MP: 6/8
  1686 | D:3      | Noticed Terence
  1698 | D:3      | Killed Terence
  1699 | D:3      | Reached skill level 1 in Short Blades
  1829 | D:3      | Noticed Sigmund
  1833 | D:3      | Killed Sigmund
  1834 | D:3      | Reached skill level 1 in Fighting
  1834 | D:3      | Reached skill level 3 in Spellcasting
  1834 | D:3      | Reached XP level 5. HP: 25/29 MP: 6/10
  1834 | D:3      | Reached XP level 6. HP: 30/34 MP: 6/11
  1914 | D:3      | Reached skill level 4 in Spellcasting
  2022 | D:3      | Found a glowing drain.
  2037 | Sewer    | Entered a sewer
  2415 | Sewer    | Learned a level 3 spell: Stone Arrow
  2610 | Sewer    | Reached XP level 7. HP: 35/38 MP: 9/13
  2620 | Sewer    | Reached skill level 12 in Spellcasting
  2620 | Sewer    | Reached XP level 8. HP: 3/43 MP: 1/24
  2621 | Sewer    | HP: 1/43 [ball python (2)]
  2920 | Sewer    | Reached skill level 14 in Spellcasting
  2920 | Sewer    | Reached XP level 9. HP: 47/47 MP: 24/27
  3372 | D:3      | Found a transporter.
  3393 | D:3      | Found a transporter.
  3903 | D:4      | Found a hazy altar of Hepliaklqana.
  4444 | D:4      | Noticed Eustachio
  4455 | D:4      | Killed Eustachio
  4499 | D:4      | Found Necallops's Firing Range.
  4944 | D:5      | Entered Level 5 of the Dungeon
  5191 | D:5      | Reached skill level 1 in Conjurations
  6217 | D:6      | Found Qagger's Antique Weapon Emporium.
  6448 | D:6      | Found a shadowy altar of Dithmenos.
  6471 | D:6      | Reached skill level 1 in Ice Magic
  6511 | D:6      | Noticed Blork the orc
  6513 | D:6      | Found a radiant altar of Vehumet.
  6525 | D:6      | Killed Blork the orc
  6753 | D:6      | Identified the +4 pair of gloves of Fatemi {MP+9}
  6771 | D:6      | Became a worshipper of Vehumet
  6807 | D:6      | Found a broken altar of Ashenzari.
  6954 | D:6      | Noticed an oklob plant
  7739 | D:3      | Reached * piety under Vehumet
  7739 | D:3      | Offered knowledge of Freeze by Vehumet.
  7745 | D:3      | Learned a level 1 spell: Freeze
  7917 | D:7      | Reached XP level 10. HP: 19/53 MP: 28/28
  8281 | D:7      | Found a staircase to the Ecumenical Temple.
  8982 | D:7      | Gained mutation: Your body sometimes deteriorates upon
                  | taking damage. [potion of mutation]
  8982 | D:7      | Lost mutation: Your body sometimes deteriorates upon taking
                  | damage. [potion of mutation]
  8982 | D:7      | Gained mutation: You are clumsy. (Dex -2) [potion of
                  | mutation]
  8994 | D:7      | Slain by an unseen horror

Illustrated notes

Levels and vault maps discovered:
D:1:      roderic_chinese_lattice_arrival, layout_loops_corners,
          minmay_heptomino_d4
D:2:      minmay_roachtagon, layout_rooms, ebering_ecumenical_altar_petrified
D:3:      gammafunk_steamed_eel, layout_basic, cheibrodos_sewer_entry_bend,
          uniq_terence, uniq_sigmund
D:4:      layout_loops_corners, lemuel_crystal_altar, nicolae_shop_firing_range,
          uniq_eustachio
D:5:      kennysheep_spiral_hall, layout_basic, kennysheep_generic_room_13
D:6:      lemuel_slime, layout_basic, nicolae_dithmenos_through_a_glass_darkly,
          mainiacjoe_overflow_catch_the_wave, serial_shops,
          nicolae_stop_n_shop_1, minivault_27, uniq_blork_the_orc
D:7:      layout_basic, makhleb_grotto_becter, minmay_temple_entry_ruins

Skill      XL: |  1  2  3  4  5  6  7  8  9 |
---------------+----------------------------+-----
Earth Magic    | 4 |  4.4
Short Blades   | 2 3 |  3.3
Fighting       | 1 2 |  2.1
Dodging        | 2 |  2.8
Stealth        | 3 4 |  4.0
Spellcasting   | 3 4 12 14 | 14.5
Conjurations   | 1 |  1.9
Ice Magic      | 1 |  1.4
Shields        | |  0.2
Transmutations | |  0.7

Action                   |  1- 3 |  4- 6 |  7- 9 | 10-12 || total
-------------------------+-------+-------+-------+-------++-------
Melee: Dagger            |    76 |    81 |   165 |    35 ||   357
Throw: Boomerang         |       |       |    15 |     5 ||    20
       Javelin           |       |       |     4 |       ||     4
       Dart              |       |       |     1 |       ||     1
 Cast: Sandblast         |    31 |    53 |     1 |       ||    85
       Stone Arrow       |       |     5 |    94 |    14 ||   113
  Use: Scroll            |     1 |     3 |     4 |     2 ||    10
       Potion            |       |     1 |     5 |     3 ||     9
 Stab: Sleeping          |     6 |       |     4 |       ||    10
       Invisible         |       |       |     1 |       ||     1
Armor: Robe              |    22 |    28 |    74 |    64 ||   188
Dodge: Dodged            |    44 |    34 |   108 |     6 ||   192
Block: Buckler           |       |       |     8 |     5 ||    13
